 Dungeon Crawl Stone Soup version 0.30-a0-42-g806c11bf1d (webtiles) character file.

Game seed: 8412367567747037600

61 LnG the Trooper (level 4, -2/41 HPs)
             Began as a Hill Orc Fighter on Aug 30, 2022.
             Slain by Natasha (8 damage)
             ... on level 3 of the Dungeon.
             The game lasted 00:12:44 (2711 turns).

LnG the Trooper (Hill Orc Fighter)                  Turns: 2711, Time: 00:12:46

Health: -2/41      AC:  7    Str: 20    XL:     4   Next: 7%
Magic:  4/4        EV:  5    Int:  8    God:
Gold:   55         SH: 11    Dex: 10    Spells: 3/3 levels left

rFire   x . .      SeeInvis .    a - +0 war axe
rCold   + . .      Faith    .    l - +0 tower shield
rNeg    . . .      Spirit   .    b - +0 scale mail
rPois   .          Reflect  .    (no helmet)
rElec   .          Harm     .    (no cloak)
rCorr   .          Rampage  .    (no gloves)
Will    .....                    (no boots)
Stlth   ..........               g - amulet of the acrobat
HPRegen 0.13/turn                k - ring of ice
MPRegen 0.09/turn                (no ring)

@: about to teleport, slowed, very slow
A: no striking features
a: no special abilities


You were on level 3 of the Dungeon.
You visited 1 branch of the dungeon, and saw 3 of its levels.

You collected 55 gold pieces.

Inventory:

Hand Weapons
 a - a +0 war axe (weapon)
Armour
 b - a +0 scale mail (worn)
 c - a +0 buckler
 j - an orb of mayhem
 l - a +0 tower shield (worn)
Jewellery
 g - an amulet of the acrobat (around neck)
 k - a ring of ice (left hand)
Scrolls
 e - a scroll of enchant armour
Potions
 d - a potion of might
 i - a potion of cancellation {unknown}


   Skills:
 + Level 4.5 Fighting
 + Level 3.8 Axes
 + Level 3.7 Armour
 + Level 0.2 Dodging
 + Level 3.5 Shields


You had 3 spell levels left.
You didn't know any spells.
Your spell library contained the following spells:

 Spells                   Type           Power      Damage    Failure   Level
 Beastly Appendage        Tmut           0%         N/A       100%        1
 Wereblood                Tmut           0%         N/A       100%        2
 Spider Form              Tmut/Pois      0%         N/A       100%        3


Dungeon Overview and Level Annotations

Branches:
Dungeon (3/15)

Altars:

Annotations:
D:3 Natasha


Message History

You are too injured to fight recklessly!
You are too injured to fight recklessly!
You are too injured to fight recklessly!
You are too injured to fight recklessly!
You hit Natasha.
Natasha is moderately wounded.
Natasha claws you. You block Natasha's attack. Natasha claws you!
* * * LOW HITPOINT WARNING * * *
You block Natasha's attack.
You feel better. You block Natasha's attack.
Natasha stares at you and mumbles some strange words.
The magic dart hits you!
* * * LOW HITPOINT WARNING * * *
Natasha closely misses you. Natasha misses you. x2
Natasha attacks as you move away! You block Natasha's attack.
Natasha misses you. Natasha casts a spell at you.
You feel as though you will be slow longer.
Natasha casts a spell.
Natasha stares at you and mumbles some strange words.
The magic dart hits you.
* * * LOW HITPOINT WARNING * * *
The crimson imp blinks!
Natasha stares at you and mumbles some strange words.
You feel as though you will be slow longer.
There is a stone staircase leading down here.
Natasha claws you but does no damage. Natasha barely misses you.
You climb downwards.
The crimson imp disappears in a puff of smoke!
There is a stone staircase leading up here.
Okay, then.
As you read the scroll of teleportation, it crumbles to dust.
You feel strangely unstable.
Natasha stares at you and mumbles some strange words.
The magic dart hits you.
* * * LOW HITPOINT WARNING * * *
Natasha claws you but does no damage. Natasha claws you!
You die...

# ..#
#.#####.....
#..h@..#
######......
#####


You could see Natasha (fast).

Vanquished Creatures
  2 adders (D:2)
  A dart slug (D:2)
  2 bats
  4 giant cockroaches
  3 goblins
  4 hobgoblins
  6 kobolds
  5 quokkas
  4 ball pythons
  5 frilled lizards
  4 rats
40 creatures vanquished.

Notes
Turn   | Place    | Note
-------+----------+-------------------------------------------
     0 | D:1      | LnG the Hill Orc Fighter began the quest for the Orb.
     0 | D:1      | Reached XP level 1. HP: 19/19 MP: 1/1
   106 | D:1      | Reached XP level 2. HP: 22/27 MP: 2/2
   693 | D:1      | Reached skill level 4 in Fighting
  1004 | D:1      | Reached XP level 3. HP: 30/33 MP: 3/3
  2358 | D:2      | Reached XP level 4. HP: 25/41 MP: 4/4
  2692 | D:2      | Noticed Natasha
  2711 | D:3      | Slain by Natasha

Illustrated notes

Levels and vault maps discovered:
D:1:      amcnicky_arrival_gap_in_the_tavern_cellar, layout_loops_ring,
          serial_glass, glass_columns_a, glass_columns_b, glass_columns_b,
          glass_columns_a, corexii_hall_statues_i
D:2:      layout_basic, basic_ecumenical_altar, basic_altar, uniq_natasha
D:3:      layout_loops_corners, mainiacjoe_overflow_24_doors,
          mainiacjoe_overflow_large_starburst, serial_shops,
          nicolae_lakefront_shop, saegor_snake_ambush

Skill      XL: |  1  2 |
---------------+-------+-----
Fighting       | 4 |  4.5
Axes           | 3 |  3.8
Armour         | |  3.7
Dodging        | |  0.2
Shields        | |  3.5

Action                   |  1- 3 |  4- 6 || total
-------------------------+-------+-------++-------
Melee: War axe           |   107 |    12 ||   119
  Use: Potion            |     2 |     4 ||     6
       Scroll            |     2 |     1 ||     3
Armor: Scale mail        |    45 |     9 ||    54
Dodge: Dodged            |    60 |    16 ||    76
Block: Buckler           |    17 |       ||    17
       Tower shield      |    18 |    14 ||    32

Table legend: (Time is in decaauts)
 A = Elapsed time spent in this place.
 B = Non-inter-level travel time spent in this place.
 C = Inter-level travel time spent in this place.
 D = Time resting spent in this place.
 E = Time spent auto-exploring this place.
 F = Levels seen in this place.
 G = Mean time per level.
                   A        B        C        D        E       F      G
               +--------+--------+--------+--------+--------+-----+--------+
         Total |   2757 |   2757 |      0 |   1172 |      0 |   3 |  919.0 |
       Dungeon |   2757 |   2757 |      0 |   1172 |      0 |   3 |  919.0 |
               +--------+--------+--------+--------+--------+-----+--------+

Top non-repeatable levels by time:
     D:1: 2064 daAuts
     D:2: 691 daAuts
     D:3: 1 daAuts
